 Dungeon Crawl Stone Soup version 0.31.0-12-g77e489cdc1 (webtiles) character file.

Game seed: 2883473918201021775

104822 Killerpretzel the Metamorph (level 16, -1/163 HPs)
             Began as an Octopode Shapeshifter on Mar 1, 2024.
             Was a High Priest of Vehumet.
             Slain by a warg (2 damage)
             ... led by an orc warlord
             ... on level 2 of the Orcish Mines on Mar 2, 2024.
             The game lasted 01:20:35 (16650 turns).

Killerpretzel the Metamorph (OpSh)                 Turns: 16650, Time: 01:20:36

Health: -1/163     AC: 32    Str: 16    XL:     16   Next: 39%
Magic:  25/25      EV:  2    Int: 16    God:    Vehumet [*****.]
Gold:   1277       SH:  8    Dex: 22    Spells: 9/15 levels left

rFire   + +          .
                       - Unarmed
rCold   + + .        j - +1 buckler {rPois}
rNeg    + + .        (helmet currently unavailable)
rPois   +            f - amulet of regeneration
rElec   .            e - +6 ring of strength
rCorr   +            h - +5 ring of evasion
SInv    .            m - +4 ring of protection
Will    ++...        l - ring "Ydepeg" {rN+ Will+ MP+9 Dex+3 Stlth-}
Stlth   +            r - ring "Rolautiss" {rF+ rC+ Str-4 Int+4}
HPRegen 1.27/turn    w - ring of flight
MPRegen 0.19/turn    g - ring of Jyot {rF+ rC+ rN+ Slay+2}
                     G - ring of resist corrosion

%: no passive effects
@: tree-form
A: stationary, stasis, torment immunity, boosted hp, almost no armour,
(amphibious), 8 rings, (camouflage 1), (gelatinous body 1), (nimble swimmer 1),
(tentacles)
a: Renounce Religion


You were on level 2 of the Orcish Mines.
You worshipped Vehumet.
Vehumet was extremely pleased with you.
You were a tree.
You visited 4 branches of the dungeon, and saw 17 of its levels.

You collected 1395 gold pieces.
You spent 118 gold pieces at shops.

Inventory:

Missiles
 p - 13 boomerangs (quivered)
 z - 5 javelins
Armour
 j - a +1 buckler of poison resistance (worn)
 D - an orb of mayhem
Jewellery
 c - an amulet of reflection
 e - a +6 ring of strength (left branch)
 f - an amulet of regeneration (around neck)
 g - the ring of Jyot (on tentacle) {rF+ rC+ rN+ Slay+2}
   (You acquired it on level 10 of the Dungeon)

   [ring of protection from cold]

   Slay+2:    It affects your accuracy & damage with ranged weapons and melee
   (+2).
   rF+:       It protects you from fire.
   rC+:       It protects you from cold.
   rN+:       It protects you from negative energy.
 h - a +5 ring of evasion (right branch)
 l - the ring "Ydepeg" (on tentacle) {rN+ Will+ MP+9 Dex+3 Stlth-}
   (You found it on level 2 of the Dungeon)

   [ring of magical power]

   Dex+3:     It affects your dexterity (+3).
   rN+:       It protects you from negative energy.
   Will+:     It increases your willpower.
   MP+9:      It affects your magic capacity (+9).
   Stlth-:    It makes you less stealthy.
 m - a +4 ring of protection (on tentacle)
 n - a ring of protection from cold
 r - the ring "Rolautiss" (on tentacle) {rF+ rC+ Str-4 Int+4}
   (You acquired it on level 4 of the Dungeon)

   [ring of protection from fire]

   Str-4:     It affects your strength (-4).
   Int+4:     It affects your intelligence (+4).
   rF+:       It protects you from fire.
   rC+:       It protects you from cold.
 v - a ring of see invisible
 w - a ring of flight (on tentacle)
 E - an amulet of faith
 G - a ring of resist corrosion (on tentacle)
 H - an amulet of guardian spirit
Talismans
 b - a beast talisman (active)
Wands
 a - a wand of flame (28)
 o - a wand of roots (5)
 A - a wand of mindburst (5)
Scrolls
 d - 4 scrolls of identify
 s - 2 scrolls of vulnerability
 t - a scroll of silence
 x - 2 scrolls of poison
 y - 2 scrolls of fog
 J - a scroll of immolation
 K - 2 scrolls of enchant weapon
Potions
 k - 2 potions of magic
 q - 9 potions of curing
 u - 3 potions of resistance
 B - a potion of ambrosia
 C - a potion of heal wounds
 F - 2 potions of enlightenment
 I - 2 potions of cancellation
Miscellaneous
 N - a tin of tremorstones (2/2)


   Skills:
 + Level 10.0 Fighting
 + Level 11.0 Dodging
 + Level 7.1 Shields
 + Level 10.2 Unarmed Combat
 + Level 6.8 Translocations
 * Level 17.1 Shapeshifting


You had 9 spell levels left.
You knew the following spells:

 Your Spells              Type           Power      Damage    Failure   Level
a - Dispersal             Tloc           11%        N/A       96%         6

Your spell library contained the following spells:

 Spells                   Type           Power      Damage    Failure   Level
 Spellforged Servitor     Conj/Summ      0%         N/A       100%        7
 Apportation              Tloc           44%        N/A       1%          1
 Gell's Gravitas          Tloc           22%        N/A       5%          3
 Teleport Other           Tloc           22%        N/A       5%          3
 Foxfire                  Conj/Fire      0%         2x1d4     9%          1
 Sting                    Conj/Alch      0%         1d3       9%          1
 Necrotise                Necr           0%         1d4       30%         1
 Slow                     Hex            0%         N/A       30%         1
 Summon Small Mammal      Summ           0%         N/A       30%         1
 Ensorcelled Hibernation  Hex/Ice        0%         N/A       43%         2
 Confusing Touch          Hex            0%         N/A       67%         3
 Fugue of the Fallen      Necr           0%         N/A       67%         3
 Sigil of Binding         Hex            0%         N/A       67%         3
 Vampiric Draining        Necr           0%         2d6       67%         3
 Anguish                  Hex/Necr       0%         N/A       97%         4
 Plasma Beam              Fire/Air       0%         2x1d10    100%        6
 Starburst                Conj/Fire      0%         6d3       100%        6


Dungeon Overview and Level Annotations

Branches:
Dungeon (11/15)            Temple (1/1) D:5            Lair (3/5) D:8
  Swamp (0/4) Lair:2       Spider (0/4) Lair:2          Orc (2/2) D:11
    Elf (0/3) Orc:2

Altars:
Ashenzari
Cheibriados
Dithmenos
Elyvilon
Fedhas
Gozag
Hepliaklqana
Kikubaaqudgha
Makhleb
Nemelex Xobeh
Okawaru
Qazlal
Ru
Sif Muna
Trog
Uskayaw
Vehumet
Wu Jian
Xom
Yredelemnul
Zin
The Shining One

Shops:
D:2 !   D:9 (   Orc:2 ((*(

Annotations:
D:9 exclusions: cyclops and ice statue
D:10 1 exclusion


Innate Abilities, Weirdness & Mutations

You are a tree.
Your roots penetrate the ground, keeping you stationary.
You cannot be teleported.
You are immune to unholy pain and torment.
Your maximum health is greatly increased.
You cannot wear most types of armour.
((You are amphibious.))
You can wear up to eight rings at the same time.
((Your skin changes colour to match your surroundings (Stealth+).))
((Your rubbery body absorbs attacks. (AC +1, EV +1)))
((You are camouflaged when in or above water. (Stealth+)))
((You have tentacles for arms and can constrict up to eight enemies at once.))


Message History

The orc misses you. You block the warg's attack.
You hear a shout!
You fly downwards.
There is a stone staircase leading up, spattered with blood here.
You tentacle-slap the warg.
The warg is lightly wounded.
The warg completely misses you. You block the orc warlord's attack.
The warg completely misses you.
You bludgeon the orc warlord! Your grab misses the orc warlord.
You squeeze the orc warlord, but do no damage.
The orc warlord is lightly wounded.
The warg closely misses you. The orc completely misses you.
The warg closely misses you. You block the warg's attack.
You bludgeon the warg!
The warg is moderately wounded.
The warg completely misses you. You block the orc's attack.
The orc warlord hits you with a +3 heavy battleaxe!!
The warg bites you!
You tentacle-slap the orc warlord. You grab the orc warlord.
You squeeze the orc warlord!
The orc warlord is moderately wounded.
You constrict the orc warlord, but do no damage.
The warg misses you. The warg bites you!!
* * * LOW HITPOINT WARNING * * *
The orc closely misses you.
Okay, then.
As you read the scroll labelled YMMUPH ZUQA, it crumbles to dust.
You feel momentarily disoriented.
It was a scroll of revelation.
You constrict the orc warlord, but do no damage.
The warg bites you!
* * * LOW HITPOINT WARNING * * *
The warg completely misses you. The orc warlord completely misses you.
The orc completely misses you. The warg barely misses you.
You block the warg's attack.
Your transformation has ended.
You turn into a tree.
Your roots penetrate the ground.
You lose your grip on the orc warlord.
The warg bites you!
* * * LOW HITPOINT WARNING * * *
The warg bites you.
You die...

##..#....[...#......### #####
#####..##....##......#.. ##...##
#####...####..##........ #.....#
######..#####...#.......
.....#########....#####..........
.....#..#####......####.#........
.........####.......###..........
......).####...o[)...###.........
#........###...)♣h...#..........#
.........###...[ho...#.........#.
..........###.......###.......##.
#.#.......####.....####..........
#####........##...##........))##.
..####........#[..#........##....
....###...................###....
..[..###...........).....###....[
..[....##..........[...###......)


You could see an orc warlord, 2 wargs and an orc (strong).

Vanquished Creatures
  2 orc warlords (Orc:2)
  A hydra (Lair:2)
  4 two-headed ogres
  A catoblepas (D:9)
  A centaur warrior (D:11)
  Erica (D:8)
  4 death yaks
  Urug (Lair:3)
  6 orc high priests
  A goliath frog (Lair:2)
  An orb spider (Lair:2)
  Pikel (D:8)
  5 orc sorcerers (Orc:2)
  4 orc knights (Orc:2)
  2 cyclopes
  4 elephants
  Joseph (D:9)
  5 kobold blastminers (Orc:2)
  3 black mambas
  A torpor snail (Lair:3)
  8 cane toads
  An unseen horror (D:11)
  Maggie (D:8)
  Jeremiah (D:9)
  5 komodo dragons
  Psyche (D:9)
  3 rime drakes
  8 trolls (Orc:2)
  A hornet (Lair:3)
  11 blink frogs
  Sigmund (D:7)
  2 shadows
  A wraith (D:11)
  60 yaks
  A basilisk (Lair:2)
  2 wyverns
  8 wargs (Orc:2)
  A steam dragon (D:8)
  Edmund (D:7)
  10 water moccasins
  Duvessa (D:4)
  A swamp drake (Lair:2)
  2 ice beasts
  46 orc warriors
  6 black bears
  A centaur (D:5)
  10 wolves (Lair:1)
  10 ogres
  A phantom (D:6)
  4 kobold brigands
  Blork the orc (D:4)
  11 bullfrogs
  2 gnoll sergeants
  A scorpion (Lair:1)
  4 wights (D:7)
  Dowan (D:4)
  9 killer bees
  4 howler monkeys
  3 bombardier beetles
  4 jellies
  29 orc priests
  3 hounds
  3 iguanas (D:6)
  A gnoll bouda (D:8)
  Ijyb (D:4)
  A sleepcap (D:4)
  20 orc wizards
  15 gnolls
  5 adders
  2 shadow imps
  2 ufetubi (D:6)
  2 ribbon worms
  82 orcs
  4 endoplasms
  2 giant cockroaches (D:1)
  4 hobgoblins
  4 jackals (D:2)
  17 kobolds
  2 quokkas (D:2)
  7 ball pythons
  5 bats
  3 frilled lizards
  14 goblins
  5 rats
531 creatures vanquished.

Vanquished Creatures (others)
  2 orc wizards
2 creatures vanquished.

Grand Total: 533 creatures vanquished

Notes
Turn   | Place    | Note
-------+----------+-------------------------------------------
     0 | D:1      | Killerpretzel the Octopode Shapeshifter began the quest for
                  | the Orb.
     0 | D:1      | Reached XP level 1. HP: 13/13 MP: 1/1
    96 | D:1      | Reached XP level 2. HP: 13/18 MP: 2/2
   728 | D:2      | Reached XP level 3. HP: 21/23 MP: 3/3
   999 | D:2      | Found Lesib's Distillery.
  1053 | D:2      | Reached XP level 4. HP: 29/29 MP: 4/4
  1064 | D:2      | Identified the ring "Ydepeg" {rN+ Will+ MP+9 Dex+3 Stlth-}
  1439 | D:3      | Found a faded altar of an unknown god.
  2017 | D:4      | Noticed a scorpion
  2095 | D:4      | Noticed Blork the orc
  2109 | D:4      | Noticed an ogre
  2115 | D:4      | Killed Blork the orc
  2116 | D:4      | Reached skill level 4 in Shapeshifting
  2116 | D:4      | Reached XP level 5. HP: 35/35 MP: 5/5
  2120 | D:4      | Killed an ogre
  2121 | D:4      | Reached XP level 6. HP: 41/41 MP: 6/6
  2128 | D:4      | Noticed Ijyb
  2143 | D:4      | Killed Ijyb
  2231 | D:4      | Noticed a black bear
  2253 | D:4      | Killed a black bear
  2254 | D:4      | Reached skill level 5 in Shapeshifting
  2254 | D:4      | Reached XP level 7. HP: 36/46 MP: 7/7
  2422 | D:4      | Noticed Duvessa
  2422 | D:4      | Noticed Dowan
  2434 | D:4      | Killed Duvessa
  2443 | D:4      | Killed Dowan
  2608 | D:4      | Found a hazy altar of Hepliaklqana.
  2639 | D:4      | Identified a scroll of acquirement
  2639 | D:4      | Acquired the ring "Rolautiss" {rF+ rC+ Str-4 Int+4}
  2661 | D:5      | Entered Level 5 of the Dungeon
  2678 | D:5      | Found a staircase to the Ecumenical Temple.
  2690 | Temple   | Entered the Ecumenical Temple
  2695 | Temple   | Became a worshipper of Vehumet
  2766 | D:5      | Reached XP level 8. HP: 54/54 MP: 8/8
  2846 | D:5      | Reached skill level 5 in Unarmed Combat
  2846 | D:5      | Reached skill level 6 in Shapeshifting
  2956 | D:5      | Found a glowing silver altar of Zin.
  3010 | D:5      | Found an ancient bone altar of Kikubaaqudgha.
  3010 | D:5      | Found a blossoming altar of Fedhas.
  3155 | D:5      | Found a faded altar of an unknown god.
  3155 | D:5      | Found a glowing golden altar of the Shining One.
  3163 | D:5      | Found a basalt altar of Yredelemnul.
  3165 | D:5      | Found a faded altar of an unknown god.
  3171 | D:5      | Found a bloodstained altar of Trog.
  3453 | D:6      | Reached skill level 5 in Dodging
  3528 | D:6      | Reached skill level 7 in Shapeshifting
  3564 | D:6      | Reached XP level 9. HP: 60/60 MP: 9/9
  3675 | D:6      | Reached skill level 5 in Fighting
  4214 | D:7      | Reached * piety under Vehumet
  4214 | D:7      | Offered knowledge of Kiss of Death by Vehumet.
  4504 | D:7      | Reached skill level 8 in Shapeshifting
  4701 | D:7      | Noticed Sigmund
  4706 | D:7      | Killed Sigmund
  4708 | D:7      | Reached skill level 12 in Shapeshifting
  4708 | D:7      | Reached XP level 10. HP: 68/68 MP: 10/10
  4719 | D:7      | Noticed Edmund
  4728 | D:7      | Killed Edmund
  4950 | D:8      | Found a shimmering altar of Xom.
  4950 | D:8      | Found a staircase to the Lair.
  4957 | D:8      | Noticed a two-headed ogre
  4999 | D:8      | Noticed Maggie
  5120 | D:8      | Reached skill level 13 in Shapeshifting
  5132 | D:8      | Reached XP level 11. HP: 47/72 MP: 11/11
  5228 | D:8      | Killed a two-headed ogre
  5417 | D:8      | Reached ** piety under Vehumet
  5417 | D:8      | Offered knowledge of Magic Dart by Vehumet.
  5428 | D:8      | Killed Maggie
  5538 | D:8      | Noticed Erica
  5545 | D:8      | Killed Erica
  5756 | D:8      | Found a shimmering altar of Xom.
  5766 | D:8      | Found a shimmering altar of Xom.
  5766 | D:8      | Found a shimmering altar of Xom.
  5822 | D:8      | Found a shimmering altar of Xom.
  5827 | D:8      | Found a shimmering altar of Xom.
  5852 | D:8      | Noticed Pikel
  5860 | D:8      | Killed Pikel
  6064 | D:8      | Learned a level 6 spell: Dispersal
  6091 | D:9      | Noticed Psyche
  6098 | D:9      | Killed Psyche
  6234 | D:9      | Found Xitsosch's Antique Weapon Emporium.
  6289 | D:9      | Noticed Joseph
  6300 | D:9      | Killed Joseph
  6375 | D:9      | Reached skill level 1 in Translocations
  6607 | D:9      | Noticed a catoblepas
  6637 | D:9      | Killed a catoblepas
  6786 | D:9      | Noticed Jeremiah
  6795 | D:9      | Killed Jeremiah
  6903 | D:9      | Noticed a cyclops
  7405 | Lair:1   | Entered Level 1 of the Lair of Beasts
  7666 | D:10     | Entered Level 10 of the Dungeon
  7698 | D:10     | Found a burning altar of Makhleb.
  7731 | D:10     | Offered knowledge of Frozen Ramparts by Vehumet.
  7749 | D:10     | Reached XP level 12. HP: 62/81 MP: 12/12
  7931 | D:10     | Found a stormy altar of Qazlal.
  8254 | D:10     | Reached *** piety under Vehumet
  8261 | D:10     | Reached skill level 14 in Shapeshifting
  8298 | D:10     | Acquired the ring of Jyot {rF+ rC+ rN+ Slay+2}
  8328 | D:10     | Found a broken altar of Ashenzari.
  8443 | D:10     | Noticed a two-headed ogre
  8448 | D:10     | Killed a two-headed ogre
  8651 | D:11     | Noticed a centaur warrior
  8680 | D:11     | Killed a centaur warrior
  8778 | D:11     | Offered knowledge of Fulminant Prism by Vehumet.
  8881 | D:11     | Noticed a two-headed ogre
  8888 | D:11     | Killed a two-headed ogre
  9104 | D:11     | Found a staircase to the Orcish Mines.
  9241 | D:11     | Acquired a +1 buckler of poison resistance
  9381 | Lair:1   | Reached **** piety under Vehumet
  9382 | Lair:1   | Reached skill level 1 in Shields
  9542 | Lair:1   | Offered knowledge of Olgreb's Toxic Radiance by Vehumet.
  9736 | Lair:1   | Found a sacrificial altar of Ru.
 10210 | Lair:2   | Noticed a death yak
 10211 | Lair:2   | Noticed a death yak
 10291 | Lair:2   | Noticed a five-headed hydra
 10303 | Lair:2   | Killed a five-headed hydra
 10309 | Lair:2   | Reached XP level 13. HP: 55/89 MP: 13/13
 10680 | Lair:2   | Found a staircase to the Swamp.
 10839 | Lair:2   | Reached skill level 15 in Shapeshifting
 10911 | Lair:2   | Reached skill level 5 in Translocations
 10926 | Lair:2   | Found a hole to the Spider Nest.
 11266 | Lair:2   | Reached skill level 16 in Shapeshifting
 11266 | Lair:2   | Reached XP level 14. HP: 95/95 MP: 14/14
 11466 | Lair:3   | Reached ***** piety under Vehumet
 11603 | Lair:3   | Noticed Urug
 11624 | Lair:3   | Killed Urug
 11721 | Lair:3   | Offered knowledge of Iskenderun's Mystic Blast by Vehumet.
 12372 | Lair:3   | Reached skill level 10 in Dodging
 12372 | Lair:3   | Reached XP level 15. HP: 101/101 MP: 15/15
 12849 | Orc:1    | Entered Level 1 of the Orcish Mines
 12938 | Orc:2    | Entered Level 2 of the Orcish Mines
 13186 | Orc:2    | Noticed an orc warlord
 13203 | Orc:2    | Killed an orc warlord
 13615 | Orc:2    | Reached XP level 16. HP: 106/108 MP: 16/16
 13709 | Orc:2    | Found a staircase to the Elven Halls.
 13888 | Orc:2    | Offered knowledge of Spellforged Servitor by Vehumet.
 14237 | Orc:2    | Found Jolloes's Antique Weapon Emporium.
 14251 | Orc:2    | Reached skill level 10 in Unarmed Combat
 14302 | Orc:2    | Found Ygong's Antique Weapon Shoppe.
 14533 | Orc:2    | Reached skill level 17 in Shapeshifting
 15215 | Orc:2    | Found Galank's General Store.
 15361 | Orc:2    | Found Mutagg's Antique Weapon Boutique.
 15468 | Orc:2    | Bought a scroll of identify for 22 gold pieces
 15958 | D:2      | Bought a potion of lignification for 36 gold pieces
 15958 | D:2      | Bought a potion of heal wounds for 60 gold pieces
 16527 | Orc:1    | Reached skill level 10 in Fighting
 16650 | Orc:2    | HP: 1/163 [warg[an orc warlord] (15)]
 16650 | Orc:2    | Slain by a warg

Illustrated notes

Levels and vault maps discovered:
D:1:      evilmike_arrival_fibonacci_small, layout_rooms,
          minmay_misc_feat_secret_circle, ebering_dispersal_statue_hall
D:2:      layout_loops_cross, serial_shops, shop, chequers_decorated_corner
D:3:      layout_basic, hellmonk_ecumenical_altar_pennies_from_heaven,
          kennysheep_generic_room_10
D:4:      layout_cave_pools, worldfamousw_hep_ancestral_shrine,
          nicolae_grassy_gnolls, uniq_duvessa, uniq_ijyb, uniq_blork_the_orc
D:5:      layout_rooms, grunt_temple_overflow_growth_and_decay,
          lemuel_doored_altar, chequers_temple_overflow_minitemple,
          minmay_temple_entry_glassed_door, minivault_4
D:6:      layout_basic
D:7:      layout_loops_ring, dk_noncrumbling_4, sigmund_edmund_badplayer
D:8:      layout_basic, xom_shifter_show, due_lair_maze_entry_diamond,
          uniq_erica, uniq_maggie, uniq_pikel
D:9:      layout_grid_maze, serial_shops, shop, minivault_16,
          minmay_misc_feat_rows, uniq_psyche, uniq_jeremiah, uniq_joseph
D:10:     layout_roguey, ashenzari_conservatory_becter, grunt_qazlal_sundering,
          bloody_makhleb
D:11:     layout_roguey, minmay_orc_entry_temple_small, minivault_23
Temple:   minmay_freezing_vapour_temple
Lair:1:   layout_regular_city, basic_altar
Lair:2:   layout_concentric_octagons, mainiacjoe_swamp_entry_lozenge_pond,
          nicolae_spider_entry_orb_guardian
Lair:3:   layout_loops_ring, serial_bayou_shore_a, uniq_urug
Orc:1:    layout_diamond_mine, serial_shops, shop, nicolae_orc_rich_vein
Orc:2:    pubby_orc_utopia

Skill      XL: |  1  2  3  4  5  6  7  8  9 10 11 12 13 14 15 16 |
---------------+-------------------------------------------------+-----
Fighting       | 2 3 4 5 6 7 8 9 10 | 10.0
Dodging        | 3 4 5 6 7 8 9 10 11 | 11.0
Shapeshifting  | 4 5 7 12 13 14 16 17 | 17.1
Unarmed Combat | 4 5 6 7 8 9 10 | 10.2
Translocations | 2 4 5 6 |  6.8
Shields        | 2 3 6 7 |  7.1

Action                     |  1- 3 |  4- 6 |  7- 9 | 10-12 | 13-15 | 16-18 || total
---------------------------+-------+-------+-------+-------+-------+-------++-------
  Melee: Unarmed           |    77 |    65 |   180 |   509 |   478 |   409 ||  1718
         Constrict         |    23 |    13 |    47 |    64 |    63 |    87 ||   297
         Tentacles         |    14 |     9 |    50 |   177 |   171 |   141 ||   562
         Punch             |     1 |     1 |     4 |    48 |    47 |    38 ||   139
  Throw: Boomerang         |       |       |       |       |       |     3 ||     3
  Evoke: Wand              |       |       |       |    10 |     1 |       ||    11
    Use: Scroll            |     3 |     3 |    10 |     8 |     4 |     3 ||    31
         Potion            |       |     1 |     1 |     5 |     4 |     2 ||    13
   Stab: Sleeping          |     7 |     5 |     2 |     1 |     2 |       ||    17
         Distracted        |       |       |       |       |     1 |     1 ||     2
 Armour: Skin              |    22 |    43 |    50 |   160 |   112 |   110 ||   497
  Dodge: Dodged            |    35 |    47 |   131 |   390 |   288 |   280 ||  1171
  Block: Buckler           |       |       |       |    28 |   101 |   126 ||   255
   Form: Beast             |       |       |       |     1 |       |       ||     1
